Map: NeoHumanity LE

Players

winzboy - Winner!

  • Race: Protoss Protoss
  • League: Gold
  • Spawn Location: 11:00

满眼星陈

  • Race: Terran Terran
  • League: Silver
  • Spawn Location: 5:00

VOD

Have the link to the VOD?

Description

Time

  • Played on: May 24, 2023, 12:56 a.m.
  • Length: 17:54
Show
View Real Time Build Order
Export as new Build Order

winzboy Protoss - Winner!

Build Orders: Zealot Archon 

Get SALT Encoding   

  12  0:11  Probe  
  13  0:24  Probe  
  14  0:29  Pylon  
  14  0:36  Probe  
  15  0:43  Assimilator  
  15  0:48  Probe  
  15  0:49  Gateway  
  16  1:00  Probe  
  17  1:12  Probe  
  18  1:24  Probe (Chrono Boost)  
  19  1:35  Probe (Chrono Boost)  
  20  1:47  Cybernetics Core  
  20  1:48  Probe  
  20  1:49  Nexus  
  21  1:57  Pylon  
  21  2:00  Probe  
  22  2:13  Probe  
  23  2:21  Warp Gate  
  23  2:24  Adept (Chrono Boost)  
  23  2:27  Probe  
  26  2:32  Assimilator  
  26  2:35  Gateway  
  26  2:39  Probe, Pylon  
  27  2:49  Shield Battery  
  27  3:01  Probe x2  
  29  3:08  Stalker (Chrono Boost)  
  31  3:13  Probe  
  31  3:14  Probe  
  33  3:27  Shield Battery  
  33  3:28  Gateway  
  33  3:32  Probe  
  33  3:33  Probe  
  35  3:37  Adept  
  37  3:45  Probe x2  
  39  3:49  Robotics Facility  
  39  3:57  Probe  
  39  4:00  Probe  
  41  4:09  Probe  
  42  4:16  Probe, Assimilator  
  43  4:20  Adept x2, Assimilator  
  43  4:21  Probe  
  48  4:29  Probe  
  49  4:31  Pylon  
  49  4:33  Probe  
  50  4:40  Stalker x2  
  54  4:49  Probe x2, Observer  
  57  5:01  Probe x2  
  59  5:12  Stalker  
  59  5:13  Probe  
  62  5:21  Pylon  
  62  5:26  Pylon  
  62  5:29  Pylon  
  62  5:31  Twilight Council  
  62  5:39  Probe x2  
  62  5:42  Adept x2  
  66  5:43  Adept  
  66  5:51  Probe x2  
  68  6:03  Probe x2  
  70  6:13  Charge  
  70  6:14  Pylon  
  70  6:15  Probe x2  
  70  6:16  Pylon  
  72  6:19  Templar Archives  
  72  6:21  Gateway  
  72  6:23  Gateway  
  72  6:24  Stalker  
  72  6:25  Stalker x2  
  69  6:50  Adept  
  69  6:51  Adept x2  
  75  6:59  Shield Battery  
  75  7:04  Gateway  
  75  7:05  Gateway  
  75  7:09  Probe  
  75  7:10  Probe  
  75  7:13  Adept x2, Gateway  
  75  7:14  Adept, Gateway  
  83  7:16  Gateway  
  83  7:21  Probe  
  83  7:22  Probe  
  85  7:25  Nexus  
  85  7:27  Immortal  
  89  7:33  High Templar  
  89  7:34  High Templar x2  
  89  7:35  High Templar  
  97  7:38  Archon  
  97  7:39  Archon  
  97  7:44  Probe, Pylon  
  97  7:45  Probe  
  97  7:48  Pylon  
  99  7:56  Probe  
  99  7:57  Probe  
  101  8:04  Pylon  
  100  8:07  Zealot x3  
  100  8:08  Zealot x2  
  104  8:25  Stalker  
  104  8:26  Stalker x2  
  101  8:42  Zealot x2  
  101  8:43  Zealot x2  
  101  8:44  Zealot  
  100  9:01  Zealot x2  
  100  9:02  Zealot x2  
  107  9:16  Pylon  
  107  9:19  Pylon  
  107  9:33  Assimilator  
  107  9:45  Probe x2  
  109  9:51  Zealot  
  109  9:52  Zealot x3  
  117  9:53  Zealot x2  
  117  9:54  Zealot x3  
  117  9:55  Zealot  
  117  9:57  Probe x2  
  131  10:06  Pylon  
  131  10:08  Pylon  
  131  10:09  Probe x2  
  131  10:13  Pylon  
  133  10:15  Pylon  
  133  10:22  Robotics Bay  
  133  10:24  Probe x2, Immortal  
  133  10:26  Shield Battery  
  139  10:28  Pylon  
  139  10:31  High Templar x3  
  139  10:32  High Templar x3  
  139  10:33  High Templar x2  
  139  10:34  Pylon  
  155  10:36  Archon  
  155  10:37  Archon x2  
  155  10:38  Archon  
  155  10:48  Zealot x2  
  159  11:03  Observer  
  160  11:14  Zealot x3  
  160  11:15  Zealot x2  
  160  11:16  Stalker x2  
  160  11:17  Extended Thermal Lance (Chrono Boost), Stalker x2  
  160  11:18  Stalker  
  180  11:22  Pylon  
  180  11:32  Forge  
  180  11:35  Pylon  
  180  11:40  Warp Prism  
  160  12:16  Immortal  
  164  12:30  Zealot  
  164  12:31  Zealot  
  164  12:32  Stalker x2  
  164  12:33  Stalker x3  
  164  12:34  Stalker  
  164  12:35  Stalker  
  176  12:40  Stalker  
  171  12:58  Zealot, Stalker x2  
  164  13:17  Stalker  
  154  13:30  Pylon  
  154  13:33  Pylon  
  152  13:44  Stalker  
  146  14:12  Pylon  
  146  14:17  Pylon  
  146  14:18  Nexus  
  146  14:20  Pylon  
  146  14:23  Pylon  
  91  15:29  Pylon  
  91  15:31  Stalker x2  
  93  15:44  Assimilator  
  93  15:50  Assimilator  
  93  15:54  Assimilator  
  85  16:13  Stalker  
  85  16:14  Stalker x2  
  85  16:15  Zealot, Stalker  
  85  16:16  Zealot x2  
  85  16:17  Zealot  
  101  16:43  Probe x2  
  103  16:47  Assimilator  
  103  17:05  Stalker x3  
  103  17:06  Stalker x2  
  103  17:07  Stalker x3  
  119  17:21  Probe x2  
  119  17:22  Probe  
  118  17:33  Probe x2  
  118  17:34  Probe  
Show
View Real Time Build Order
Export as new Build Order

满眼星陈 Terran 

Build Orders:  

Get SALT Encoding   

  12  0:01  SCV  
  13  0:13  SCV  
  14  0:18  Supply Depot  
  14  0:25  SCV  
  15  0:34  Refinery  
  15  0:39  SCV  
  16  0:45  Barracks  
  16  0:51  SCV  
  17  0:58  Supply Depot  
  17  1:07  SCV  
  18  1:19  SCV  
  18  1:23  Barracks  
  19  1:32  SCV  
  20  1:33  Refinery  
  20  1:39  Barracks Reactor  
  20  1:47  Orbital Command  
  20  2:02  Factory  
  20  2:15  Barracks Tech Lab  
  20  2:18  Engineering Bay  
  20  2:20  Marine  
  20  2:21  Marine  
  22  2:26  SCV  
  23  2:34  Supply Depot  
  23  2:38  Marine x2  
  23  2:39  Stimpack  
  25  2:48  Factory Reactor  
  25  2:53  Starport  
  25  2:56  Marine  
  26  3:01  Marine  
  26  3:02  Marine  
  28  3:10  SCV  
  29  3:15  Marine  
  29  3:19  Marine  
  31  3:20  Marine, Supply Depot  
  32  3:38  Factory Tech Lab  
  32  3:39  Medivac x2  
  36  3:41  Marine  
  36  3:44  Marine  
  38  3:52  Marine  
  39  3:59  Marine  
  39  4:02  Marine  
  41  4:03  Terran Infantry Armor Level 1  
  41  4:10  Marine  
  41  4:17  Marine  
  42  4:20  Marine, Siege Tank  
  47  4:32  Supply Depot  
  47  4:36  Supply Depot  
  47  4:53  Marine x3  
  50  5:10  Command Center  
  50  5:11  Marine x3  
  47  5:53  Marine x3  
  47  5:54  Medivac x2  
  54  6:07  Supply Depot  
  54  6:11  Marine x3, Supply Depot  
  57  6:29  Marine x3  
  59  6:46  Marine  
  58  6:53  Refinery  
  59  6:55  Siege Tank  
  59  7:00  Refinery  
  62  7:03  Marine x2  
  62  7:04  Marine  
  65  7:14  Orbital Command  
  65  7:21  Marine x2  
  65  7:22  Marine  
  68  7:38  Marine  
  68  7:39  Marine  
  68  7:40  Marine  
  68  7:41  Siege Tank  
  74  7:45  SCV  
  75  7:56  Marine x2  
  75  7:57  SCV  
  75  7:58  Marine  
  79  8:09  SCV  
  76  8:14  Marine x2  
  76  8:16  Marine  
  78  8:21  SCV  
  79  8:33  SCV  
  71  8:51  Siege Tank  
  69  8:56  Starport  
  69  8:59  Starport  
  64  9:23  Siege Tank  
  67  9:30  SCV  
  68  9:34  Fusion Core  
  68  9:40  Starport Tech Lab  
  68  9:41  Starport Tech Lab  
  68  9:42  SCV  
  68  9:44  Sensor Tower  
  69  9:50  Starport  
  69  9:54  SCV  
  70  10:00  Supply Depot  
  70  10:06  SCV  
  71  10:14  Marine x3  
  71  10:18  SCV  
  71  10:20  Medivac x2  
  79  10:23  Supply Depot  
  79  10:27  Starport Reactor  
  79  10:30  SCV, Starport Tech Lab  
  79  10:31  Battlecruiser  
  79  10:32  Marine  
  87  10:42  SCV  
  88  10:44  Battlecruiser  
  88  10:47  Supply Depot  
  94  10:54  SCV  
  95  11:00  Command Center  
  95  11:01  Weapon Refit  
  95  11:06  SCV  
  96  11:23  Battlecruiser  
  102  11:32  Marine x3  
  105  11:43  Command Center  
  105  11:50  Marine x3  
  48  13:17  Battlecruiser x3  
  9  16:04  Command Center  
  9  16:11  Orbital Command  
  9  16:49  Supply Depot  
  9  17:16  Refinery  
  9  17:19  Barracks  
  9  17:21  SCV  
  9  17:34  SCV  
Tags
 
Composition
Zealot Archon
Matchup
PvT
Replay Pack
Multiplayer
Spawn Locations
Cross Positions
Add a new tag
Caveats
  • Supply blocks, unpowered buildings, or Contaminate may cause inaccurate times.
  • Supply counts are checked every 10 seconds.